3R
QUEBEC ROOKIES @ SHERIDAN DEER
08/01/2033
 
TOP OF THE 1ST
Quebec Rookies batting - Pitching for Sheridan Deer : RHP Albert Karlier
Pitching: RHP Albert Karlier
Batting: RHB Jamal Grant 0-0: Ball
1-0: Foul Ball, location: 2F
1-1: Called Strike
1-2: Strikes out swinging
Batting: LHB Scott Miles 0-0: Ball
1-0: Called Strike
1-1: Foul Ball, location: 2F
1-2: SINGLE (Line Drive, 5)
Batting: LHB Palaie Gaoteote 0-0: Called Strike
0-1: Ball
1-1: Foul Ball, location: 2F
1-2: Ball
2-2: Ball
3-2: Foul Ball, location: 2F
3-2: Foul Ball, location: 2F
3-2: Fly out, F8 (Flyball, 8RD)
Batting: RHB Jon Deal 0-0: Ball
1-0: Ball
2-0: Ball
3-0: Base on Balls
Scott Miles to second
Batting: RHB Sal Elliott 0-0: Ball
1-0: Swinging Strike
1-1: Ball
2-1: Foul Ball, location: 2F
2-2: Foul Ball, location: 2F
2-2: Foul Ball, location: 2F
2-2: Foul Ball, location: 2F
2-2: Ball
3-2: Fly out, F9 (Flyball, 89M)
Top of the 1st over - 0 runs, 1 hit, 0 errors, 2 left on base; Quebec 0 - Sheridan 0
BOTTOM OF THE 1ST
Sheridan Deer batting - Pitching for Quebec Rookies : RHP Olaf Solleveld
Pitching: RHP Olaf Solleveld
Batting: LHB Gu Li 0-0: Ground out 5-3 (Groundball, 56)
Batting: RHB Richard Trevithick 0-0: Ball
1-0: Ground out 5-3 (Groundball, 56)
Batting: RHB Daniel Divina 0-0: Ball
1-0: Ball
2-0: Ground out 1-3 (Groundball, P)
Bottom of the 1st over - 0 runs, 0 hits, 0 errors, 0 left on base; Quebec 0 - Sheridan 0
TOP OF THE 2ND
Quebec Rookies batting - Pitching for Sheridan Deer : RHP Albert Karlier
Batting: RHB Alejandro Córdova 0-0: Foul Ball, location: 2F
0-1: Ball
1-1: Bunted foul
1-2: Foul Ball, location: 2F
1-2: Strikes out swinging
Batting: RHB Christian Patriarche 0-0: Foul Ball, location: 2F
0-1: Swinging Strike
0-2: Foul Ball, location: 2F
0-2: Ball
1-2: Ball
2-2: Foul Ball, location: 2F
2-2: Strikes out swinging
Batting: LHB Keith Pick 0-0: Called Strike
0-1: Ball
1-1: Ball
2-1: Ball
3-1: Called Strike
3-2: Foul Ball, location: 2F
3-2: Strikes out swinging
Top of the 2nd over - 0 runs, 0 hits, 0 errors, 0 left on base; Quebec 0 - Sheridan 0
BOTTOM OF THE 2ND
Sheridan Deer batting - Pitching for Quebec Rookies : RHP Olaf Solleveld
Batting: SHB Temaki Yuka 0-0: Ball
1-0: Ball
2-0: Called Strike
2-1: Foul Ball, location: 2F
2-2: Ball
3-2: Foul Ball, location: 2F
3-2: Fly out, F7 (Flyball, 7D)
Batting: RHB Chaim Werkman 0-0: Ball
1-0: Ball
2-0: Called Strike
2-1: Foul Ball, location: 2F
2-2: Strikes out looking
Batting: RHB Jorge Carrillo 0-0: Ball
1-0: Swinging Strike
1-1: Ball
2-1: SINGLE (Groundball, 4) (infield hit)
Batting: LHB Armando Cedeño 0-0: Foul Ball, location: 2F
0-1: Fly out, F8 (Flyball, 89D)
Bottom of the 2nd over - 0 runs, 1 hit, 0 errors, 1 left on base; Quebec 0 - Sheridan 0
TOP OF THE 3RD
Quebec Rookies batting - Pitching for Sheridan Deer : RHP Albert Karlier
Batting: RHB Justin Hunt 0-0: Swinging Strike
0-1: Ball
1-1: Called Strike
1-2: SINGLE (Groundball, 56D)
Batting: RHB Jamal Grant 0-0: Ball
1-0: Ball
2-0: Fly out, F7 (Line Drive, 7D)
Batting: LHB Scott Miles 0-0: Swinging Strike
0-1: Swinging Strike
0-2: Strikes out swinging
Batting: LHB Palaie Gaoteote 0-0: Fly out, F8 (Line Drive, 89D)
Top of the 3rd over - 0 runs, 1 hit, 0 errors, 1 left on base; Quebec 0 - Sheridan 0
BOTTOM OF THE 3RD
Sheridan Deer batting - Pitching for Quebec Rookies : RHP Olaf Solleveld
Batting: RHB Ju-choer Park 0-0: SINGLE (Line Drive, 34D)
Batting: RHB Tolenka Kafengauz 0-0: Swinging Strike
0-1: Ball
1-1: DOUBLE (Flyball, 89D)
Ju-choer Park to third
Batting: LHB Gu Li 0-0: Ball
1-0: Swinging Strike
1-1: Ground out 4-3 (Groundball, 4)
Ju-choer Park scores
Tolenka Kafengauz to third
Batting: RHB Richard Trevithick 0-0: Ball
1-0: Ball
2-0: Called Strike
2-1: Foul Ball, location: 2F
2-2: Strikes out swinging
Batting: RHB Daniel Divina 0-0: SINGLE (Line Drive, 89S)
Tolenka Kafengauz scores
Batting: SHB Temaki Yuka 0-0: Ball
1-0: Swinging Strike
1-1: Ball
2-1: Ball
3-1: SINGLE (Line Drive, 8LS)
Daniel Divina to second
Batting: RHB Chaim Werkman 0-0: Called Strike
0-1: Swinging Strike
0-2: Foul Ball, location: 2F
0-2: Foul Ball, location: 2F
0-2: Strikes out swinging
Bottom of the 3rd over - 2 runs, 4 hits, 0 errors, 2 left on base; Quebec 0 - Sheridan 2
TOP OF THE 4TH
Quebec Rookies batting - Pitching for Sheridan Deer : RHP Albert Karlier
Batting: RHB Jon Deal 0-0: Swinging Strike
0-1: Ball
1-1: Ball
2-1: Reached on error, E4 (Groundball, 4M)
Batting: RHB Sal Elliott 0-0: Foul Ball, location: 2F
0-1: Ball
1-1: Ball
2-1: Ball
3-1: Called Strike
3-2: Strikes out swinging
Batting: RHB Alejandro Córdova 0-0: Called Strike
0-1: Foul Ball, location: 2F
0-2: Ball
1-2: Foul Ball, location: 2F
1-2: Ball
2-2: Foul Ball, location: 2F
2-2: Ground out U3 (Groundball, 3)
Jon Deal to second
Batting: RHB Christian Patriarche 0-0: Ball
1-0: Ball
2-0: Ground out 6-3 (Groundball, 6)
Top of the 4th over - 0 runs, 0 hits, 1 error, 1 left on base; Quebec 0 - Sheridan 2
BOTTOM OF THE 4TH
Sheridan Deer batting - Pitching for Quebec Rookies : RHP Olaf Solleveld
Batting: RHB Jorge Carrillo 0-0: SINGLE (Line Drive, 7S)
Batting: LHB Armando Cedeño 0-0: Grounds into double play, 1-6-3 (Groundball, P)
Batting: RHB Ju-choer Park 0-0: Ball
1-0: Foul Ball, location: 2F
1-1: Foul Ball, location: 2F
1-2: Ball
2-2: Foul Ball, location: 2F
2-2: Foul Ball, location: 2F
2-2: Ball
3-2: Strikes out swinging, 2-3 out at first.
Bottom of the 4th over - 0 runs, 1 hit, 0 errors, 0 left on base; Quebec 0 - Sheridan 2
TOP OF THE 5TH
Quebec Rookies batting - Pitching for Sheridan Deer : RHP Albert Karlier
Batting: LHB Keith Pick 0-0: Swinging Strike
0-1: Swinging Strike
0-2: Strikes out swinging
Pitching: RHP Alfonso Caballero
Batting: RHB Justin Hunt 0-0: Foul Ball, location: 2F
0-1: SINGLE (Groundball, 5D)
Batting: RHB Jamal Grant 0-0: Ball
1-0: Fly out, F7 (Line Drive, 7S)
Batting: LHB Scott Miles 0-0: Ball
Justin Hunt steals 2nd base
1-0: Called Strike
1-1: Swinging Strike
1-2: Foul Ball, location: 2F
1-2: Strikes out swinging
Top of the 5th over - 0 runs, 1 hit, 0 errors, 1 left on base; Quebec 0 - Sheridan 2
BOTTOM OF THE 5TH
Sheridan Deer batting - Pitching for Quebec Rookies : RHP Olaf Solleveld
Batting: RHB Tolenka Kafengauz 0-0: Ball
1-0: Ball
2-0: Called Strike
2-1: Foul Ball, location: 2F
2-2: Ball
3-2: Foul Ball, location: 2F
3-2: Foul Ball, location: 2F
3-2: Fly out, F6 (Flyball, 56D)
Batting: LHB Gu Li 0-0: Ball
1-0: Called Strike
1-1: Ground out 6-3 (Groundball, 6M)
Batting: RHB Richard Trevithick 0-0: SINGLE (Groundball, 6MD)
Batting: RHB Daniel Divina 0-0: Ball
1-0: Called Strike
1-1: Ball
2-1: Foul Ball, location: 2F
2-2: Foul Ball, location: 2F
2-2: Ball
3-2: Ground out 4-3 (Groundball, 34)
Bottom of the 5th over - 0 runs, 1 hit, 0 errors, 1 left on base; Quebec 0 - Sheridan 2
TOP OF THE 6TH
Quebec Rookies batting - Pitching for Sheridan Deer : RHP Alfonso Caballero
Batting: LHB Palaie Gaoteote 0-0: Called Strike
0-1: Ball
1-1: Called Strike
1-2: SOLO HOME RUN (Flyball, 9D), Distance : 389 ft
Batting: RHB Jon Deal 0-0: Ground out 4-3 (Groundball, 4M)
Batting: RHB Sal Elliott 0-0: Foul Ball, location: 2F
0-1: Hit by Pitch
Pinch Runner at 1st António Sánchez:
Batting: RHB Alejandro Córdova 0-0: Foul Ball, location: 2F
0-1: Ball
1-1: Foul Ball, location: 2F
1-2: Ball
2-2: Foul Ball, location: 2F
2-2: Foul Ball, location: 2F
2-2: Ball
3-2: Strikes out looking
Batting: RHB Christian Patriarche 0-0: Ball
1-0: Called Strike
1-1: Ball
2-1: Fly out, F8 (Flyball, 8LD)
Top of the 6th over - 1 run, 1 hit, 0 errors, 1 left on base; Quebec 1 - Sheridan 2
BOTTOM OF THE 6TH
Sheridan Deer batting - Pitching for Quebec Rookies : RHP Olaf Solleveld
Now at C: António Sánchez
Batting: SHB Temaki Yuka 0-0: Ball
1-0: Swinging Strike
1-1: Foul Ball, location: 2F
1-2: Foul Ball, location: 2F
1-2: Strikes out looking
Batting: RHB Chaim Werkman 0-0: Called Strike
0-1: DOUBLE (Line Drive, 89D)
Batting: RHB Jorge Carrillo 0-0: Swinging Strike
0-1: Ball
1-1: Foul Ball, location: 2F
1-2: Strikes out swinging
Batting: LHB Armando Cedeño 0-0: Called Strike
0-1: Ground out 4-3 (Groundball, 4)
Bottom of the 6th over - 0 runs, 1 hit, 0 errors, 1 left on base; Quebec 1 - Sheridan 2
TOP OF THE 7TH
Quebec Rookies batting - Pitching for Sheridan Deer : RHP Alfonso Caballero
Now at 2B: Shigeaki Samurakami
Batting: LHB Keith Pick 0-0: Fly out, F9 (Flyball, 9)
Batting: RHB Justin Hunt 0-0: Ground out 6-3 (Groundball, 6)
Batting: RHB Jamal Grant 0-0: Ball
1-0: Swinging Strike
1-1: Foul Ball, location: 2F
1-2: SINGLE (Groundball, 6S) (infield hit)
Pinch Runner at 1st Wen-zhong Mar:
Batting: LHB Scott Miles 0-0: Ball
1-0: Ball
2-0: Called Strike
2-1: Swinging Strike
2-2: Foul Ball, location: 2F
2-2: Foul Ball, location: 2F
2-2: Ball
3-2: Foul Ball, location: 2F
3-2: SINGLE (Groundball, 5D)
Wen-zhong Mar to second
Wen-zhong Mar to third
Batting: LHB Palaie Gaoteote 0-0: Called Strike
0-1: Ball
1-1: Ball
Scott Miles steals 2nd base
2-1: Swinging Strike
2-2: Foul Ball, location: 2F
2-2: Strikes out swinging
Top of the 7th over - 0 runs, 2 hits, 0 errors, 2 left on base; Quebec 1 - Sheridan 2
BOTTOM OF THE 7TH
Sheridan Deer batting - Pitching for Quebec Rookies : RHP Olaf Solleveld
Now in CF: Wen-zhong Mar
Batting: RHB Ju-choer Park 0-0: Called Strike
0-1: Ground out 4-3 (Groundball, 4)
Batting: RHB Tolenka Kafengauz 0-0: Foul Ball, location: 2F
0-1: Fly out, F9 (Flyball, 9S)
Batting: LHB Gu Li 0-0: Ball
1-0: Ball
2-0: Ball
3-0: Called Strike
3-1: Base on Balls
Batting: RHB Richard Trevithick 0-0: Ball
1-0: Ball
2-0: Swinging Strike
2-1: Called Strike
2-2: Ball
3-2: Foul Ball, location: 2F
3-2: 2-RUN HOME RUN (Flyball, 7LD), Distance : 352 ft
Batting: RHB Daniel Divina 0-0: Reaches on Catchers interference
Pitching: LHP Fernando Perocier
Batting: SHB Temaki Yuka 0-0: Ball
1-0: Ball
2-0: Called Strike
2-1: Ball
3-1: Fly out, F9 (Flyball, 9)
Bottom of the 7th over - 2 runs, 1 hit, 1 error, 1 left on base; Quebec 1 - Sheridan 4
TOP OF THE 8TH
Quebec Rookies batting - Pitching for Sheridan Deer : RHP Alfonso Caballero
Batting: RHB Jon Deal 0-0: Called Strike
0-1: Ball
1-1: Called Strike
1-2: Fly out, F4 (Popup, 34D)
Batting: RHB António Sánchez 0-0: Fly out, F8 (Line Drive, 8LD)
Batting: RHB Alejandro Córdova 0-0: Ball
1-0: Called Strike
1-1: Swinging Strike
1-2: Ball
2-2: Ball
3-2: Single, Error in OF, E8, batter to second base
Batting: RHB Christian Patriarche 0-0: Ball
1-0: Ball
2-0: Called Strike
2-1: Swinging Strike
2-2: Ground out 3-1 (Groundball, 34)
Top of the 8th over - 0 runs, 1 hit, 1 error, 1 left on base; Quebec 1 - Sheridan 4
BOTTOM OF THE 8TH
Sheridan Deer batting - Pitching for Quebec Rookies : LHP Fernando Perocier
Batting: RHB Chaim Werkman 0-0: Ball
1-0: Ball
2-0: Fly out, F7 (Flyball, 7)
Batting: RHB Shigeaki Samurakami 0-0: Called Strike
0-1: Ball
1-1: Called Strike
1-2: Strikes out looking
Batting: LHB Armando Cedeño 0-0: Ball
1-0: Ball
2-0: Foul Ball, location: 2F
2-1: SINGLE (Flyball, 7S)
Batting: RHB Ju-choer Park Pickoff Throw to First - Error! E1
Armando Cedeño to second
0-0: Ball
1-0: Ball
2-0: Ball
3-0: Called Strike
3-1: Swinging Strike
3-2: Strikes out swinging
Bottom of the 8th over - 0 runs, 1 hit, 1 error, 1 left on base; Quebec 1 - Sheridan 4
TOP OF THE 9TH
Quebec Rookies batting - Pitching for Sheridan Deer : RHP Alfonso Caballero
Pitching: LHP Brian Holman
Batting: LHB Keith Pick 0-0: Ball
1-0: SINGLE (Flyball, 78S)
Batting: RHB Justin Hunt 0-0: Fly out, F9 (Flyball, 9D)
Batting: RHB Wen-zhong Mar 0-0: Called Strike
0-1: Ball
1-1: Called Strike
1-2: Foul Ball, location: 2F
1-2: Foul Ball, location: 2F
1-2: Strikes out swinging
Batting: LHB Scott Miles 0-0: Swinging Strike
0-1: Foul Ball, location: 2F
0-2: Ball
1-2: Foul Ball, location: 2F
1-2: Ball
2-2: Strikes out swinging
Top of the 9th over - 0 runs, 1 hit, 0 errors, 1 left on base; Quebec 1 - Sheridan 4
Saturday, December 22nd, 2018 - OOTP Baseball 18.8 Build 76